AoeStats
← a.l.a.n.t

Arabia

503684226Analyzed
2v2 RM · 1mo ago on Sep 1, 2026· 22m 48s· 4 players
Game mode
Random Map
Map size
Medium (4 player)
Population
200
Speed
Normal
Resources
Standard
Victory
Conquest
Starting age
Dark Age
Ending age
Imperial Age
RankedLock teamsTeams togetherTeam positionsShared explorationLock speedFull tech treeHidden civsTurbo modeCheats
Victory
Defeat
🇦🇷 Burgundians · Argentina
1146
+19
🇦🇷 Franks · Argentina
1122
+20
🇬🇧 Magyars · United Kingdom
1297
-23
🇮🇶 Japanese · Iraq
1128
-16
Elbetoben181430
7:18 Double-Bit Axe
11:36 Feudal Age
11:36 Gold Mining
11:33 Loom
17:40 Wheelbarrow
16:50 Town Watch
18:58 Bow Saw
18:37 Horse Collar
19:13 Stone Mining
21:52 Castle Age
20:49 Scale Barding Armor
21:17 Heavy Plow
22:05 Forging
21:56 Cavalier
22:50 Husbandry
ELPOCHOGOL
9:40 Feudal Age
7:55 Loom
11:46 Scale Barding Armor
20:52 Castle Age
19:34 Double-Bit Axe
19:44 Gold Mining
20:26 Stone Mining
20:54 Forging
23:20 Wheelbarrow
23:42 Gold Shaft Mining
a.l.a.n.t
6:17 Loom
9:15 Feudal Age
10:11 Double-Bit Axe
18:47 Horse Collar
21:24 Castle Age
19:32 Scale Barding Armor
21:02 Bloodlines
22:34 Husbandry
aryaszahir958
3:17 Loom
9:30 Feudal Age
12:26 Man-at-Arms
Connection lost

Rejoining the realm…

Still unreachable

The connection could not be restored.

Session expired

The server has moved on; the page needs a fresh start.